 Dungeon Crawl Stone Soup version 0.28.0-47-ge53b351184 (webtiles) character file.

Game seed: 5965094409891042418

3904 bobregger the Basher (level 10, -7/92 HPs)
             Began as an Ogre Berserker on May 4, 2022.
             Was an Elder of Trog.
             Mangled by Erica
             ... wielding a +3 scimitar of flaming
              (9 damage)
             ... on level 8 of the Dungeon.
             The game lasted 00:10:21 (10173 turns).

bobregger the Basher (Ogre Berserker)              Turns: 10173, Time: 00:10:22

Health: -7/92      AC:  8    Str: 23    XL:     10   Next: 20%
Magic:  10/10      EV: 11    Int:  8    God:    Trog [****..]
Gold:   379        SH:  0    Dex: 18    Spells: 9/9 levels left

rFire   + . .      SeeInvis .   y - +2 flail (protect)
rCold   + . .      Faith    .   (no shield)
rNeg    . . .      Spirit   .   o - +2 robe {rC+ rF+}
rPois   .          Reflect  .   (helmet restricted)
rElec   .          Harm     .   n - +2 cloak
rCorr   .          Rampage  .   (gloves unavailable)
Will    +++..                   (boots unavailable)
Stlth   ++........              (no amulet)
HPRegen 1.25/turn               u - +6 ring of dexterity
MPRegen 0.12/turn               (no ring)

@: lethally poisoned (-7 -> -8), strong-willed, regenerating, slowed, very slow
A: large, unfitting armour, tough skin 1
a: Renounce Religion, Berserk, Trog's Hand, Brothers in Arms


You were on level 8 of the Dungeon.
You worshipped Trog.
Trog was greatly pleased with you.
You visited 1 branch of the dungeon, and saw 8 of its levels.

You collected 379 gold pieces.

Inventory:

Hand Weapons
 y - a +2 flail of protection (weapon)
Armour
 n - a +2 cloak (worn)
 o - a +2 robe of resistance (worn)
Jewellery
 k - an amulet of faith
 u - a +6 ring of dexterity (left hand)
Wands
 q - a wand of polymorph (9)
 t - a wand of flame (57)
 C - a wand of charming (7)
 G - a wand of iceblast (7)
Scrolls
 a - 2 scrolls of amnesia {unknown}
 c - 9 scrolls of identify {unknown}
 d - 4 scrolls of enchant weapon {unknown}
 g - 7 scrolls of teleportation {unknown}
 h - 4 scrolls of fear {unknown}
 i - 3 scrolls of noise {unknown}
 j - a scroll of acquirement {unknown}
 l - 2 scrolls of enchant armour {unknown}
 p - a scroll of silence {unknown}
 s - a scroll of holy word {unknown}
 A - a scroll of vulnerability {unknown}
 B - 3 scrolls of summoning {unknown}
 F - a scroll of brand weapon {unknown}
 H - a scroll of fog {unknown}
Potions
 b - 2 potions of curing {unknown}
 e - a potion of haste {unknown}
 f - 3 potions of ambrosia {unknown}
 m - 2 potions of attraction {unknown}
 r - 3 potions of mutation {unknown}
 v - a potion of might {unknown}
 w - 2 potions of degeneration {unknown}
 x - a potion of lignification {unknown}
 z - a potion of flight {unknown}
 D - a potion of heal wounds {unknown}
 E - a potion of berserk rage {unknown}


   Skills:
 - Level 4.0 Fighting
 + Level 13.4 Maces & Flails
 - Level 2.6 Dodging


You had 9 spell levels left.
You didn't know any spells.
Your spell library was empty.

Dungeon Overview and Level Annotations

Branches:
Dungeon (8/15)             Temple (0/1) D:6
   Lair: D:8-11

Altars:
Cheibriados
Elyvilon
Gozag
Hepliaklqana
Kikubaaqudgha
Zin

Shops:
D:5 *

Annotations:
D:4 2 runed translucent doors, Atherized's ghost, amateur MiBe
D:8 Erica


Innate Abilities, Weirdness & Mutations

You are too large for most types of armour.
You have tough skin. (AC +1)


Message History

Erica is nearby!
Erica is nearby!
Erica is nearby!
Erica is nearby!
Erica casts a spell at you.
You feel yourself slow down.
Found a glowing purple potion.
Erica gestures at you while chanting.
You are confused.
Erica gestures at you while chanting. The lance of force hits you!!
You are knocked back by the lance of force.
You slam into the rock wall!
You are too confused!
Erica casts a spell.
Erica flickers and vanishes!
Deactivating autopickup; reactivate with Ctrl-A.
You feel less confused. Something hits you! Something burns you.
You see here a scroll labelled EBADUUWATZ.
Your skin crawls.
You feel strong-willed. Something hits you! Something burns you.
You hear some strange, mumbled words.
A bolt of poison appears from out of thin air!
The bolt of poison hits you!!
You are poisoned.
* * * LOW HITPOINT WARNING * * *
Something hits you.
* * * LOW HITPOINT WARNING * * *
Something burns you.
* * * LOW HITPOINT WARNING * * *
Okay, then.
Aiming: Charm
Press: ? - help, Shift-Dir - straight line Nothing appears to happen.
* * * LOW HITPOINT WARNING * * *
You feel very sick. Something completely misses you. Something hits you!
You die...

#.......#...+
. #...
#.......#####
#. ####
###+#.......#
####.##..<
#.......#
..........
#.......+
.........(
#.......#
..........
##+#....#
..##......
#....#
##......
#..@.#
#.......
#..{.#
#.......
#....#
#.......
#....#
##[.....
#.......#
#......
#.......#
........
+.......#
........
#.......#
.#......
#........
#.......


There were no monsters in sight!

Vanquished Creatures
  A two-headed ogre (D:7)
  Sigmund (D:3)
  A wraith (D:7)
  2 steam dragons
  Menkaure (D:6)
  Duvessa (D:4)
  2 hornet zombies
  A black bear (D:8)
  3 orc warriors
  A sky beast (D:5)
  An ice beast (D:6)
  2 phantoms
  A kobold brigand (D:7)
  Blork the orc (D:4)
  A bullfrog (D:8)
  2 water moccasin zombies (D:6)
  Dowan (D:4)
  A water moccasin skeleton (D:5)
  4 wights (D:6)
  2 howler monkeys (D:6)
  A bullfrog zombie (D:7)
  A centaur zombie (D:6)
  A bullfrog skeleton (D:6)
  A centaur skeleton (D:7)
  2 orc priests
  Crazy Yiuf (D:2)
  5 hounds
  A jelly (D:5)
  A gnoll shaman (D:8)
  Jessica (D:2)
  3 iguanas
  Natasha (thrice) (D:3)
  4 orc wizards
  Robin (D:2)
  9 gnolls
  5 adders
  A howler monkey skeleton (D:6)
  2 shadow imps
  2 white imps
  2 ufetubi (D:4)
  3 worms
  5 dart slugs
  26 orcs
  4 ball pythons
  5 bats
  5 endoplasms
  3 giant cockroaches
  15 goblins
  10 hobgoblins
  4 jackals (D:4)
  6 quokkas
  4 frilled lizards
  12 kobolds
  6 rats
185 creatures vanquished.

Vanquished Creatures (others)
  A white imp (D:6)
  A butterfly (D:6)
  4 plants
6 creatures vanquished.

Grand Total: 191 creatures vanquished

Notes
Turn   | Place    | Note
-------+----------+-------------------------------------------
     0 | D:1      | bobregger the Ogre Berserker began the quest for the Orb.
     0 | D:1      | Reached XP level 1. HP: 24/24 MP: 1/1
    46 | D:1      | Reached skill level 3 in Maces & Flails
    64 | D:1      | Reached XP level 2. HP: 27/32 MP: 2/2
   614 | D:1      | Found a faded altar of an unknown god.
   630 | D:1      | Reached XP level 3. HP: 21/39 MP: 3/3
  1166 | D:2      | Reached skill level 4 in Maces & Flails
  1326 | D:2      | Reached ** piety under Trog
  1561 | D:2      | Noticed Robin
  1577 | D:1      | Reached XP level 4. HP: 27/48 MP: 4/4
  2026 | D:2      | Killed Robin
  2430 | D:2      | Noticed Jessica
  2444 | D:2      | Killed Jessica
  2445 | D:2      | Reached skill level 5 in Maces & Flails
  2445 | D:2      | Reached XP level 5. HP: 37/54 MP: 5/5
  2795 | D:2      | Found a runed translucent door.
  2796 | D:2      | Noticed Crazy Yiuf
  3073 | D:2      | Killed Crazy Yiuf
  3079 | D:2      | HP: 1/54 [poisoned by Crazy Yiuf]
  3392 | D:3      | Noticed Sigmund
  3403 | D:3      | Killed Sigmund
  3404 | D:3      | Reached skill level 6 in Maces & Flails
  3404 | D:3      | Reached XP level 6. HP: 62/62 MP: 6/6
  3973 | D:3      | Found a glowing silver altar of Zin.
  4097 | D:3      | Noticed Natasha
  4105 | D:3      | Killed Natasha
  4176 | D:3      | Reached skill level 7 in Maces & Flails
  4176 | D:3      | Reached XP level 7. HP: 70/70 MP: 7/7
  4229 | D:3      | Noticed Natasha
  4235 | D:3      | Killed Natasha
  4520 | D:3      | Reached *** piety under Trog
  4602 | D:3      | Noticed Natasha
  4609 | D:3      | Killed Natasha
  5015 | D:4      | Found a runed translucent door.
  5015 | D:4      | Noticed Atherized's ghost (amateur MiBe)
  5324 | D:4      | Found a hazy altar of Hepliaklqana.
  5625 | D:4      | Reached skill level 8 in Maces & Flails
  5801 | D:4      | Found a runed translucent door.
  6101 | D:4      | Noticed Dowan
  6101 | D:4      | Noticed Duvessa
  6107 | D:4      | Killed Duvessa
  6108 | D:4      | Reached XP level 8. HP: 78/78 MP: 8/8
  6108 | D:4      | Killed Dowan
  6214 | D:4      | Noticed Blork the orc
  6232 | D:4      | Killed Blork the orc
  6451 | D:5      | Entered Level 5 of the Dungeon
  6562 | D:5      | Reached skill level 9 in Maces & Flails
  6713 | D:5      | Found an ancient bone altar of Kikubaaqudgha.
  6975 | D:5      | Reached skill level 10 in Maces & Flails
  7068 | D:5      | Found Nihatepni's Overcharged Wands.
  7319 | D:5      | Found an opulent altar of Gozag.
  7467 | D:6      | Noticed Menkaure
  7473 | D:6      | Killed Menkaure
  7478 | D:6      | Reached XP level 9. HP: 84/84 MP: 9/9
  7634 | D:6      | Found a staircase to the Ecumenical Temple.
  7789 | D:6      | Reached skill level 11 in Maces & Flails
  7994 | D:6      | Found a white marble altar of Elyvilon.
  8373 | D:7      | Reached **** piety under Trog
  8795 | D:7      | Noticed a two-headed ogre
  8807 | D:7      | Killed a two-headed ogre
  8808 | D:7      | Reached skill level 12 in Maces & Flails
  8922 | D:7      | Identified the +3 leather armour of Entitlement {rF+ Str+4
                  | Dex+4 Stlth-}
  9025 | D:7      | Found a snail-covered altar of Cheibriados.
  9055 | D:7      | Reached XP level 10. HP: 92/92 MP: 10/10
  9183 | D:6      | Reached skill level 13 in Maces & Flails
 10164 | D:8      | Noticed Erica
 10173 | D:8      | HP: 2/92 [poisoned by Erica (bolt of poison)]
 10173 | D:8      | Mangled by Erica

Illustrated notes

Levels and vault maps discovered:
D:1:      tarquinn_simple_flora_water_d, layout_basic,
          shapermc_ecumenical_altar_ellora
D:2:      minmay_inner_zag, layout_basic, minivault_19, st_stairs_14,
          minmay_misc_feat_chi, chequers_serial_rivers_room_b,
          minmay_misc_feat_five, hex_large, uniq_crazy_yiuf_cottage, uniq_robin,
          uniq_jessica
D:3:      layout_loops_ring, mainiacjoe_overflow_surrounded_room, uniq_natasha,
          uniq_sigmund
D:4:      layout_cave_pods, nicolae_hepliaklqana_hazy_memory,
          ebering_ghost_sewer_f, minmay_misc_feat_alley, uniq_duvessa,
          uniq_blork_the_orc
D:5:      layout_loops_ring, mainiacjoe_overflow_alcove_2,
          kiku_gazebo_pond_becter, nicolae_shop_overcharged_wands
D:6:      layout_basic, nicolae_elyvilon_peaceful_grove,
          minmay_temple_entry_trees, uniq_menkaure
D:7:      layout_rooms, mainiacjoe_overflow_paths, kennysheep_flooded_box,
          minmay_misc_feat_four_crosses, kennysheep_cluttered_room
D:8:      layout_gridville, serial_shops, nicolae_shop_advertising_works
          [nicolae_subvault_shop_adworks], uniq_erica

Skill      XL: |  1  2  3  4  5  6  7  8  9 10 |
---------------+-------------------------------+-----
Maces & Flails | 3 4 5 6 7 8 10 12 13 | 13.4
Fighting       | |  4.0
Dodging        | |  2.6

Action                   |  1- 3 |  4- 6 |  7- 9 | 10-12 || total
-------------------------+-------+-------+-------+-------++-------
Melee: Mace              |   111 |   156 |   105 |       ||   372
       Punch             |     1 |     5 |     3 |     1 ||    10
       Flail             |       |       |   289 |    77 ||   366
Invok: Berserk           |     1 |     5 |     6 |     2 ||    14
       Trog's Hand       |       |     1 |       |     1 ||     2
Evoke: Wand              |       |       |       |     1 ||     1
 Stab: Sleeping          |     2 |       |       |       ||     2
Armor: Animal skin       |    35 |    20 |       |       ||    55
       Robe              |       |    42 |   222 |    38 ||   302
       Skin              |       |       |     1 |       ||     1
Dodge: Dodged            |    76 |    78 |   220 |    41 ||   415
